NCAA
BUTLER BULLDOGS @ NOTRE DAME FIGHTING IRISH
05/01/2030
 
TOP OF THE 1ST
Butler Bulldogs batting - Pitching for Notre Dame Fighting Irish : RHP Javier Estéban
Pitching: RHP Javier Estéban
Batting: LHB Alex Kelly 0-0: Ball
1-0: Swinging Strike
1-1: Ball
2-1: Called Strike
2-2: Ball
3-2: Strikes out looking
Batting: RHB Benjamin Monroe 0-0: Called Strike
0-1: Ball
1-1: Foul Ball, location: 2F
1-2: Foul Ball, location: 2F
1-2: Ball
2-2: SINGLE (Flyball, 78M)
Batting: RHB Patrice Charette 0-0: Ball
1-0: Called Strike
1-1: Called Strike
1-2: Ball
2-2: Fly out, F3 (Popup, 34S)
Batting: LHB Bill O'Higgins 0-0: Ball
1-0: Called Strike
1-1: Ball
2-1: SINGLE (Groundball, 25) (infield hit)
Benjamin Monroe to second
Batting: LHB Stephen Arnold 0-0: Ball
1-0: Ball
2-0: Called Strike
2-1: DOUBLE (Line Drive, 9LS)
Benjamin Monroe scores
Bill O'Higgins to third
Runner from 3rd tries for Home, SAFE, no throw
Batting: RHB Bobby Coleman 0-0: Foul Ball, location: 2F
0-1: Ball
1-1: Swinging Strike
1-2: Ball
2-2: Ball
3-2: Strikes out swinging
Top of the 1st over - 2 runs, 3 hits, 0 errors, 1 left on base; Butler 2 - Notre Dame 0
BOTTOM OF THE 1ST
Notre Dame Fighting Irish batting - Pitching for Butler Bulldogs : LHP Michael Jones
Pitching: LHP Michael Jones
Batting: RHB Allen Miller 0-0: Called Strike
0-1: Ball
1-1: Ball
2-1: SINGLE (Line Drive, 4MD)
Batting: LHB Mitch Morales 0-0: Called Strike
0-1: Called Strike
0-2: Foul Ball, location: 2F
0-2: Ball
1-2: Fly out, F8 (Line Drive, 8RM)
Batting: RHB Juan Valdéz 0-0: Called Strike
0-1: Ball
1-1: Ball
2-1: SINGLE (Line Drive, 56)
Allen Miller to second
Batting: SHB Andre Keeler 0-0: Foul Ball, location: 2F
0-1: Ball
1-1: Swinging Strike
1-2: Ball
2-2: Strikes out swinging
Batting: SHB Willie Graves 0-0: Called Strike
0-1: Ball
1-1: Ball
2-1: Foul Ball, location: 2F
2-2: Strikes out looking
Bottom of the 1st over - 0 runs, 2 hits, 0 errors, 2 left on base; Butler 2 - Notre Dame 0
TOP OF THE 2ND
Butler Bulldogs batting - Pitching for Notre Dame Fighting Irish : RHP Javier Estéban
Batting: RHB Jorge Solís 0-0: Ball
1-0: Ball
2-0: Ball
3-0: Base on Balls
Batting: RHB Kenny Lowe 0-0: Ball
1-0: Ball
2-0: Grounds into double play, 4-6-3 (Groundball, 4M)
Batting: RHB Danny Giles 0-0: Ball
1-0: SINGLE (Groundball, 4MD)
Batting: LHB Alex Kelly 0-0: Ball
1-0: Ball
2-0: Called Strike
2-1: SINGLE (Line Drive, 56D)
Danny Giles to second
Batting: RHB Benjamin Monroe 0-0: Ball
1-0: Called Strike
1-1: SINGLE (Line Drive, 56)
Danny Giles to third
Alex Kelly to second
Runner from 3rd tries for Home, SAFE, no throw
Batting: RHB Patrice Charette 0-0: Called Strike
0-1: Foul Ball, location: 2F
0-2: Strikes out looking
Top of the 2nd over - 1 run, 3 hits, 0 errors, 2 left on base; Butler 3 - Notre Dame 0
BOTTOM OF THE 2ND
Notre Dame Fighting Irish batting - Pitching for Butler Bulldogs : LHP Michael Jones
Batting: RHB Jorge Flores 0-0: Ball
1-0: Ball
2-0: Called Strike
2-1: Foul Ball, location: 2F
2-2: Strikes out swinging, 2-3 out at first.
Batting: LHB Stewart Rodríguez 0-0: Foul Ball, location: 2F
0-1: Foul Ball, location: 2F
0-2: Foul Ball, location: 2F
0-2: Ball
1-2: Foul Ball, location: 2F
1-2: Strikes out swinging
Batting: RHB Gene Swanson 0-0: Called Strike
0-1: Ball
1-1: Foul Ball, location: 2F
1-2: Strikes out swinging
Bottom of the 2nd over - 0 runs, 0 hits, 0 errors, 0 left on base; Butler 3 - Notre Dame 0
TOP OF THE 3RD
Butler Bulldogs batting - Pitching for Notre Dame Fighting Irish : RHP Javier Estéban
Batting: LHB Bill O'Higgins 0-0: Ball
1-0: Swinging Strike
1-1: Foul Ball, location: 2F
1-2: Fly out, F8 (Flyball, 8LM)
Batting: LHB Stephen Arnold 0-0: Ball
1-0: Ball
2-0: Ground out 6-3 (Groundball, 6M)
Batting: RHB Bobby Coleman 0-0: Ball
1-0: Called Strike
1-1: Called Strike
1-2: Ball
2-2: Foul Ball, location: 2F
2-2: Foul Ball, location: 2F
2-2: SINGLE (Groundball, 34D)
Batting: RHB Jorge Solís 0-0: Ball
1-0: SINGLE (Line Drive, 78M)
Bobby Coleman to second
Batting: RHB Kenny Lowe 0-0: Swinging Strike
0-1: Swinging Strike
0-2: Ball
1-2: Strikes out swinging
Top of the 3rd over - 0 runs, 2 hits, 0 errors, 2 left on base; Butler 3 - Notre Dame 0
BOTTOM OF THE 3RD
Notre Dame Fighting Irish batting - Pitching for Butler Bulldogs : LHP Michael Jones
Batting: LHB John Young 0-0: Ball
1-0: Foul Ball, location: 2F
1-1: Swinging Strike
1-2: Ball
2-2: Foul Ball, location: 2F
2-2: Ball
3-2: Base on Balls
Batting: RHB Allen Miller 0-0: Called Strike
0-1: Foul Ball, location: 2F
0-2: Fly out, F5 (Popup, 56S)
Batting: LHB Mitch Morales 0-0: Called Strike
John Young is caught stealing 2nd base
0-1: SINGLE (Line Drive, 78S)
Batting: RHB Juan Valdéz 0-0: Ball
1-0: Ball
2-0: Ball
3-0: Base on Balls
Mitch Morales to second
Batting: SHB Andre Keeler 0-0: Ball
1-0: Ball
2-0: Foul Ball, location: 2F
2-1: Ball
3-1: Base on Balls
Mitch Morales to third
Juan Valdéz to second
Batting: SHB Willie Graves 0-0: Called Strike
0-1: Ball
1-1: Foul Ball, location: 2F
1-2: Ball
2-2: Foul Ball, location: 2F
2-2: Foul Ball, location: 2F
2-2: Foul Ball, location: 2F
2-2: Ball
3-2: Foul Ball, location: 2F
3-2: Fly out, F8 (Flyball, 78M)
Bottom of the 3rd over - 0 runs, 1 hit, 0 errors, 3 left on base; Butler 3 - Notre Dame 0
TOP OF THE 4TH
Butler Bulldogs batting - Pitching for Notre Dame Fighting Irish : RHP Javier Estéban
Batting: RHB Danny Giles 0-0: Fly out, F8 (Flyball, 8RD)
Batting: LHB Alex Kelly 0-0: Ball
1-0: Ball
2-0: Fly out, F7 (Flyball, 7)
Batting: RHB Benjamin Monroe 0-0: Foul Ball, location: 2F
0-1: Ball
1-1: Ball
2-1: Foul Ball, location: 2F
2-2: Fly out, F9 (Flyball, 9LMF)
Top of the 4th over - 0 runs, 0 hits, 0 errors, 0 left on base; Butler 3 - Notre Dame 0
BOTTOM OF THE 4TH
Notre Dame Fighting Irish batting - Pitching for Butler Bulldogs : LHP Michael Jones
Batting: RHB Jorge Flores 0-0: Ground out 5-3 (Groundball, 56)
Batting: LHB Stewart Rodríguez 0-0: Ball
1-0: Ball
2-0: Ball
3-0: Called Strike
3-1: Called Strike
3-2: Base on Balls
Batting: RHB Gene Swanson 0-0: Ball
1-0: SINGLE (Groundball, 56D)
Stewart Rodríguez to second
Batting: LHB John Young 0-0: Ball
1-0: Foul Ball, location: 2F
1-1: Ball
2-1: Swinging Strike
2-2: DOUBLE (Line Drive, 9LM)
Stewart Rodríguez scores
Gene Swanson to third
Pitching: RHP Mario Bruno
Batting: RHB Allen Miller 0-0: Foul Ball, location: 2F
0-1: Fly out, F8 (Flyball, 8RD)
Runner from 3rd tags up, SCORES, no throw
Batting: LHB Mitch Morales 0-0: Called Strike
0-1: Ball
1-1: Swinging Strike
1-2: Strikes out swinging
Bottom of the 4th over - 2 runs, 2 hits, 0 errors, 1 left on base; Butler 3 - Notre Dame 2
TOP OF THE 5TH
Butler Bulldogs batting - Pitching for Notre Dame Fighting Irish : RHP Javier Estéban
Batting: RHB Patrice Charette 0-0: Called Strike
0-1: Swinging Strike
0-2: Fly out, F7 (Line Drive, 7D)
Pitching: RHP Joseph Baxter
Batting: LHB Bill O'Higgins 0-0: DOUBLE (Line Drive, 7LD)
Batting: LHB Stephen Arnold 0-0: Ground out 4-3 (Groundball, 34)
Bill O'Higgins to third
Batting: RHB Bobby Coleman 0-0: Called Strike
0-1: Ball
1-1: Foul Ball, location: 2F
1-2: Strikes out swinging
Top of the 5th over - 0 runs, 1 hit, 0 errors, 1 left on base; Butler 3 - Notre Dame 2
BOTTOM OF THE 5TH
Notre Dame Fighting Irish batting - Pitching for Butler Bulldogs : RHP Mario Bruno
Batting: RHB Juan Valdéz 0-0: Foul Ball, location: 2F
0-1: Foul Ball, location: 2F
0-2: Ball
1-2: Ball
2-2: Ground out 6-3 (Groundball, 6)
Batting: SHB Andre Keeler 0-0: Called Strike
0-1: Ball
1-1: Fly out, F7 (Flyball, 78M)
Batting: SHB Willie Graves 0-0: Ball
1-0: Ball
2-0: Called Strike
2-1: Ground out 3-1 (Groundball, 34S)
Bottom of the 5th over - 0 runs, 0 hits, 0 errors, 0 left on base; Butler 3 - Notre Dame 2
TOP OF THE 6TH
Butler Bulldogs batting - Pitching for Notre Dame Fighting Irish : RHP Joseph Baxter
Batting: RHB Jorge Solís 0-0: Called Strike
0-1: Foul Ball, location: 2F
0-2: Foul Ball, location: 2F
0-2: Strikes out looking
Batting: RHB Kenny Lowe 0-0: Called Strike
0-1: Foul Ball, location: 2F
0-2: Strikes out looking
Batting: RHB Danny Giles 0-0: Swinging Strike
0-1: Called Strike
0-2: Ball
1-2: Foul Ball, location: 2F
1-2: Foul Ball, location: 2F
1-2: Strikes out looking
Top of the 6th over - 0 runs, 0 hits, 0 errors, 0 left on base; Butler 3 - Notre Dame 2
BOTTOM OF THE 6TH
Notre Dame Fighting Irish batting - Pitching for Butler Bulldogs : RHP Mario Bruno
Batting: RHB Jorge Flores 0-0: Ball
1-0: Ball
2-0: Foul Ball, location: 2F
2-1: Swinging Strike
2-2: SINGLE (Flyball, 78S)
Batting: LHB Stewart Rodríguez 0-0: Ball
1-0: Ball
2-0: Ground out U3 (Groundball, 3)
Jorge Flores to second
Batting: RHB Gene Swanson 0-0: Ball
1-0: Ball
2-0: Ball
3-0: Called Strike
3-1: Base on Balls
Batting: LHB John Young 0-0: Called Strike
0-1: Called Strike
0-2: Grounds into double play, 4-6-3 (Groundball, 4)
Bottom of the 6th over - 0 runs, 1 hit, 0 errors, 1 left on base; Butler 3 - Notre Dame 2
TOP OF THE 7TH
Butler Bulldogs batting - Pitching for Notre Dame Fighting Irish : RHP Joseph Baxter
Batting: LHB Alex Kelly 0-0: Swinging Strike
0-1: Foul Ball, location: 2F
0-2: Ball
1-2: Ball
2-2: Fly out, F9 (Line Drive, 9LM)
Batting: RHB Benjamin Monroe 0-0: Ball
1-0: Ball
2-0: SINGLE (Flyball, 7LS)
Batting: RHB Patrice Charette 0-0: Ball
1-0: Ball
2-0: Foul Ball, location: 2F
2-1: Foul Ball, location: 2F
2-2: Ball
3-2: Strikes out swinging
Batting: LHB Bill O'Higgins 0-0: Ball
Benjamin Monroe is caught stealing 2nd base
Top of the 7th over - 0 runs, 1 hit, 0 errors, 0 left on base; Butler 3 - Notre Dame 2
BOTTOM OF THE 7TH
Notre Dame Fighting Irish batting - Pitching for Butler Bulldogs : RHP Mario Bruno
Batting: RHB Allen Miller 0-0: Foul Ball, location: 2F
0-1: Swinging Strike
0-2: Foul Ball, location: 2F
0-2: Ball
1-2: Strikes out swinging
Batting: LHB Mitch Morales 0-0: Ball
1-0: Foul Ball, location: 2F
1-1: Ball
2-1: Ball
3-1: Foul Ball, location: 2F
3-2: Foul Ball, location: 2F
3-2: Foul Ball, location: 2F
3-2: SINGLE (Groundball, 6D)
Batting: RHB Juan Valdéz 0-0: Ball
1-0: Called Strike
1-1: Swinging Strike
1-2: Foul Ball, location: 2F
1-2: Foul Ball, location: 2F
1-2: Foul Ball, location: 2F
1-2: Fly out, F6 (Popup, P)
Batting: SHB Andre Keeler 0-0: Foul Ball, location: 2F
0-1: Called Strike
0-2: Ball
1-2: Ball
2-2: Ball
3-2: Fly out, F4 (Flyball, 34D)
Bottom of the 7th over - 0 runs, 1 hit, 0 errors, 1 left on base; Butler 3 - Notre Dame 2
TOP OF THE 8TH
Butler Bulldogs batting - Pitching for Notre Dame Fighting Irish : RHP Joseph Baxter
Batting: LHB Bill O'Higgins 0-0: Ball
1-0: Ball
2-0: Called Strike
2-1: Foul Ball, location: 2F
2-2: TRIPLE (Flyball, 8RXD)
Pinch Hitting: LHB Tim Thomas 0-0: Called Strike
0-1: SINGLE (Line Drive, 56)
Bill O'Higgins scores
Batting: RHB Bobby Coleman 0-0: Called Strike
0-1: SINGLE (Groundball, 4S) (infield hit)
Tim Thomas to second
Batting: RHB Jorge Solís 0-0: Called Strike
0-1: Foul Ball, location: 2F
0-2: Fly out, F7 (Flyball, 7D)
Batting: RHB Kenny Lowe 0-0: Foul Ball, location: 2F
0-1: Ball
1-1: Ball
2-1: Ball
3-1: Base on Balls
Tim Thomas to third
Bobby Coleman to second
Batting: RHB Danny Giles 0-0: Fly out, F9 (Flyball, 9)
Runner from 3rd tags up, SCORES, no throw
Batting: LHB Alex Kelly 0-0: Foul Ball, location: 2F
0-1: Ball
1-1: Ball
2-1: Foul Ball, location: 2F
2-2: Fly out, F6 (Line Drive, 6M)
Top of the 8th over - 2 runs, 3 hits, 0 errors, 2 left on base; Butler 5 - Notre Dame 2
BOTTOM OF THE 8TH
Notre Dame Fighting Irish batting - Pitching for Butler Bulldogs : RHP Mario Bruno
Now in LF: Tim Thomas
Batting: SHB Willie Graves 0-0: Ball
1-0: Ball
2-0: Called Strike
2-1: Ball
3-1: Base on Balls
Pitching: RHP William Roberts
Batting: RHB Jorge Flores 0-0: Foul Ball, location: 2F
0-1: 2-RUN HOME RUN (Flyball, 78XD), Distance : 371 ft
Batting: LHB Stewart Rodríguez 0-0: Ball
1-0: Called Strike
1-1: Ball
2-1: Foul Ball, location: 2F
2-2: Fly out, F8 (Flyball, 78D)
Batting: RHB Gene Swanson 0-0: Ball
1-0: Called Strike
1-1: SINGLE (Flyball, 9S)
Pitching: LHP Tom Reyes
Batting: LHB John Young 0-0: Foul Ball, location: 2F
0-1: Ball
1-1: Ball
2-1: Foul Ball, location: 2F
2-2: Strikes out looking
Batting: RHB Allen Miller 0-0: Called Strike
0-1: Ball
1-1: Foul Ball, location: 2F
1-2: Ball
2-2: Foul Ball, location: 2F
2-2: Ball
3-2: SINGLE (Flyball, 89S)
Gene Swanson to second
Gene Swanson to third
Batting: LHB Mitch Morales 0-0: Swinging Strike
0-1: Ball
1-1: Ball
2-1: Ball
3-1: Foul Ball, location: 2F
3-2: Foul Ball, location: 2F
3-2: Base on Balls
Allen Miller to second
Batting: RHB Juan Valdéz 0-0: Called Strike
0-1: GRAND SLAM HOME RUN (Flyball, 7LD), Distance : 325 ft
Pitching: RHP Alden García
Batting: SHB Andre Keeler 0-0: Ball
1-0: Ball
2-0: Foul Ball, location: 2F
2-1: Ball
3-1: Base on Balls
Batting: SHB Willie Graves 0-0: Called Strike
Andre Keeler steals 2nd base
0-1: Ball
1-1: Ground out 1-3 (Groundball, 13)
Bottom of the 8th over - 6 runs, 4 hits, 0 errors, 1 left on base; Butler 5 - Notre Dame 8
TOP OF THE 9TH
Butler Bulldogs batting - Pitching for Notre Dame Fighting Irish : RHP Joseph Baxter
Pitching: RHP Rubén Romano
Batting: RHB Benjamin Monroe 0-0: Called Strike
0-1: Ball
1-1: Reached on error, E6 (Groundball, 6)
Batting: RHB Patrice Charette 0-0: Called Strike
0-1: Ball
1-1: Called Strike
1-2: 2-RUN HOME RUN (Line Drive, 7D), Distance : 366 ft
Batting: LHB Bill O'Higgins 0-0: Called Strike
0-1: Ball
1-1: Foul Ball, location: 2F
1-2: Foul Ball, location: 2F
1-2: Foul Ball, location: 2F
1-2: SINGLE (Line Drive, 78M)
Batting: LHB Tim Thomas 0-0: Called Strike
0-1: SINGLE (Flyball, 7S)
Bill O'Higgins to second
Batting: RHB Bobby Coleman 0-0: Called Strike
0-1: Ball
1-1: Foul Ball, location: 2F
1-2: Strikes out swinging
Batting: RHB Jorge Solís 0-0: Called Strike
0-1: Foul Ball, location: 2F
0-2: Ball
1-2: Strikes out swinging
Batting: RHB Kenny Lowe 0-0: Ball
1-0: Ball
2-0: Called Strike
2-1: Foul Ball, location: 2F
2-2: Strikes out swinging
Top of the 9th over - 2 runs, 3 hits, 1 error, 2 left on base; Butler 7 - Notre Dame 8
Saturday, April 7th, 2018 - OOTP Baseball 18.8 Build 76